[ AOE2 MATCH · #483134517 ]
UnrankedAztecs vs Dravidians
Player's team · LOSS
[ REPLAY ANALYSIS · EXTRACTED FROM THE RECORDED GAME ]
Feudal
12:06
Castle
15:41
Imperial
34:34
| APM avg | 44.2 |
| APM peak | 91 |
| eAPM avg | 23.6 |
| Villagers / military | 135 / 94 |
Focus
⚔️ 34.7% · 🌾 65.3%
Eagle Scout ×55 · Spearman ×25 · Mangonel ×10 · Trade Cart ×5 · Militia ×3 · Scorpion ×1
Feudal
13:07
Castle
16:45
Imperial
—
| APM avg | 44.9 |
| APM peak | 82 |
| eAPM avg | 29.1 |
| Villagers / military | 132 / 43 |
Focus
⚔️ 24.5% · 🌾 75.5%
Scorpion ×31 · Mangonel ×10 · Monk ×2
Feudal
17:30
Castle
21:50
Imperial
35:55
| APM avg | 32.9 |
| APM peak | 118 |
| eAPM avg | 17.0 |
| Villagers / military | 91 / 34 |
Focus
⚔️ 26.9% · 🌾 73.1%
Spearman ×31 · Monk ×3
Feudal
15:18
Castle
19:02
Imperial
33:41
| APM avg | 55.9 |
| APM peak | 148 |
| eAPM avg | 32.5 |
| Villagers / military | 149 / 69 |
Focus
⚔️ 34.9% · 🌾 65.1%
Scorpion ×39 · Trade Cart ×33 · Battering Ram ×14 · Knight ×10 · Centurion ×5 · Monk ×1
Feudal
11:22
Castle
14:52
Imperial
33:40
| APM avg | 56.0 |
| APM peak | 93 |
| eAPM avg | 25.8 |
| Villagers / military | 135 / 88 |
Focus
⚔️ 34.8% · 🌾 65.2%
Camel Archer ×73 · Bombard Cannon ×6 · Battering Ram ×4 · Mangonel ×3 · Petard ×2
Feudal
10:15
Castle
21:08
Imperial
36:24
| APM avg | 41.9 |
| APM peak | 98 |
| eAPM avg | 19.5 |
| Villagers / military | 117 / 59 |
Focus
⚔️ 28.7% · 🌾 71.3%
Scout Cavalry ×31 · Elephant Archer ×21 · Scorpion ×4 · Mangonel ×3
Feudal
10:56
Castle
14:29
Imperial
31:44
| APM avg | 42.5 |
| APM peak | 85 |
| eAPM avg | 24.1 |
| Villagers / military | 133 / 276 |
Focus
⚔️ 39.5% · 🌾 60.5%
Ghulam ×135 · Hand Cannoneer ×93 · Camel Scout ×42 · Trade Cart ×16 · Bombard Cannon ×5 · Monk ×1
Feudal
14:06
Castle
17:36
Imperial
29:01
| APM avg | 43.7 |
| APM peak | 114 |
| eAPM avg | 26.1 |
| Villagers / military | 131 / 126 |
Focus
⚔️ 55.8% · 🌾 44.2%
Spearman ×52 · Kona ×47 · Bolas Rider ×13 · Unknown (2550) ×10 · Battering Ram ×7 · Trebuchet (Packed) ×4
Match map
Initial resources + every placement click. Lines = walls · curves = elevation contours. ◆ gold · ⬟ stone · ● berries · ✦ relic · ◌ wall gap
Your base· Open — opponent sealed themselves in
[R1] Duke PEÑAROL Thompson's base· ✓ Closed at 16:45 · 57t walls · 1 gate(s)
Ulfaith's base· ✓ Closed at 21:50 · 47t walls · 1 gate(s)
Oni.TaToH's base· ✓ Closed at 19:02 · 34t walls · 1 gate(s)
theMole's base· ✓ Closed at 14:52 · 0t walls · no gate
Tusky's base· ✓ Closed at 21:08 · 23t walls · 1 gate(s)
Moneimon's base· Open — opponent sealed themselves in
YoungPanda's base· ✓ Closed at 17:36 · 21t walls · no gate
Smoothed initial terrain · ◌ = detected wall gap · hover for details
Inputs per minute
— c3mbrich! - - [R1] Duke PEÑAROL Thompson
Build order — c3mbrich!
First 150 of 385 actions detected
| 0:01 | Create | Villager (Male) |
| 0:01 | Create | Villager (Male) |
| 0:03 | Build | House |
| 0:05 | Build | House |
| 0:38 | Create | Villager (Male) ×2 |
| 1:22 | Create | Villager (Male) |
| 1:46 | Build | Lumber Camp |
| 1:54 | Create | Villager (Male) |
| 2:45 | Create | Villager (Male) |
| 2:45 | Create | Villager (Male) |
| 2:46 | Create | Villager (Male) |
| 3:01 | Create | Villager (Male) |
| 3:47 | Create | Villager (Male) |
| 4:10 | Create | Villager (Male) |
| 4:11 | Create | Villager (Male) |
| 4:11 | Create | Villager (Male) |
| 4:32 | Build | House |
| 4:50 | Build | House |
| 4:53 | Create | Villager (Male) |
| 4:59 | Build | Mill |
| 5:19 | Create | Villager (Male) |
| 5:55 | Create | Villager (Male) |
| 5:58 | Create | Villager (Male) |
| 6:20 | Create | Villager (Male) |
| 6:28 | Create | Villager (Male) |
| 7:04 | Create | Villager (Male) |
| 7:08 | Create | Villager (Male) |
| 7:13 | Build | Farm |
| 7:31 | Build | Farm |
| 7:46 | Create | Villager (Male) |
| 7:53 | Build | House |
| 7:56 | Build | Farm |
| 8:08 | Create | Villager (Male) |
| 8:16 | Create | Villager (Male) |
| 8:22 | Build | House |
| 8:33 | Create | Villager (Male) |
| 9:09 | Create | Villager (Male) |
| 9:14 | Build | Mining Camp |
| 9:32 | Create | Villager (Male) |
| 9:48 | Research | Feudal Age |
| 10:31 | Create | Villager (Male) |
| 11:55 | Research | Loom |
| 11:56 | Create | Villager (Male) |
| 12:06 | Age | Feudal Age |
| 12:10 | Build | Market |
| 12:12 | Build | Blacksmith |
| 12:42 | Build | Palisade Wall |
| 12:43 | Build | Palisade Wall |
| 12:46 | Build | Palisade Wall |
| 12:47 | Build | Palisade Wall |
| 13:01 | Research | Castle Age |
| 13:35 | Build | Stone Wall |
| 14:04 | Build | Stone Wall |
| 14:06 | Build | Stone Wall |
| 14:08 | Build | Stone Wall |
| 14:15 | Build | Stone Wall |
| 14:16 | Build | Stone Wall |
| 14:17 | Build | Stone Wall |
| 14:19 | Build | Stone Wall |
| 14:45 | Build | Barracks |
| 14:48 | Create | Villager (Male) |
| 14:55 | Build | Farm |
| 14:56 | Research | Double-Bit Axe |
| 14:57 | Research | Horse Collar |
| 15:15 | Build | House |
| 15:32 | Build | Palisade Gate |
| 15:33 | Build | House |
| 15:41 | Age | Castle Age |
| 15:42 | Create | Spearman |
| 15:42 | Create | Spearman |
| 15:55 | Build | Siege Workshop |
| 15:57 | Create | Villager (Male) |
| 16:03 | Create | Spearman |
| 16:14 | Create | Spearman |
| 16:23 | Create | Villager (Male) |
| 16:30 | Create | Spearman |
| 16:38 | Create | Mangonel |
| 16:42 | Build | House |
| 16:43 | Create | Villager (Male) |
| 16:53 | Create | Spearman |
| 16:56 | Create | Villager (Male) |
| 16:58 | Create | Villager (Male) |
| 17:11 | Build | House |
| 17:21 | Create | Mangonel |
| 17:22 | Create | Villager (Male) |
| 17:24 | Create | Spearman |
| 17:42 | Create | Villager (Male) |
| 17:45 | Build | House |
| 17:57 | Create | Spearman |
| 18:07 | Create | Villager (Male) |
| 18:52 | Build | Town Center |
| 18:53 | Create | Villager (Male) |
| 18:59 | Create | Villager (Male) |
| 19:05 | Create | Villager (Male) |
| 19:22 | Build | Mining Camp |
| 19:28 | Build | Stone Wall |
| 19:49 | Create | Villager (Male) |
| 19:54 | Create | Scorpion |
| 19:57 | Create | Spearman |
| 20:00 | Create | Villager (Male) |
| 20:09 | Build | Lumber Camp |
| 20:23 | Create | Mangonel |
| 20:33 | Build | Farm |
| 20:34 | Build | Farm |
| 20:35 | Build | Farm |
| 20:35 | Create | Villager (Male) |
| 21:01 | Create | Villager (Male) |
| 21:07 | Create | Villager (Male) |
| 21:09 | Build | Farm |
| 21:09 | Build | Farm |
| 21:16 | Research | Wheelbarrow |
| 21:18 | Create | Villager (Male) |
| 22:07 | Create | Villager (Male) |
| 22:08 | Create | Villager (Male) |
| 22:14 | Build | Farm |
| 22:15 | Create | Villager (Male) |
| 22:15 | Create | Villager (Male) |
| 22:17 | Build | Town Center |
| 22:35 | Create | Villager (Male) |
| 22:59 | Create | Villager (Male) |
| 23:09 | Create | Villager (Male) |
| 23:11 | Build | Farm |
| 23:11 | Build | Farm |
| 23:12 | Build | Farm |
| 23:12 | Build | Farm |
| 23:12 | Build | Farm |
| 23:12 | Build | Farm |
| 23:26 | Research | Pikeman (upgrade) |
| 23:26 | Research | Pikeman (upgrade) |
| 23:28 | Create | Villager (Male) |
| 23:40 | Build | Farm |
| 23:42 | Build | Farm |
| 23:42 | Create | Villager (Male) |
| 24:09 | Create | Mangonel |
| 24:10 | Build | Barracks |
| 24:12 | Create | Villager (Male) |
| 24:13 | Build | Barracks |
| 24:15 | Create | Villager (Male) |
| 24:18 | Build | Town Center |
| 24:19 | Create | Villager (Male) |
| 24:25 | Build | Palisade Wall |
| 24:27 | Build | Palisade Wall |
| 24:28 | Build | Palisade Wall |
| 24:29 | Build | Palisade Wall |
| 24:30 | Build | Palisade Wall |
| 24:34 | Create | Villager (Male) |
| 24:35 | Build | Farm |
| 24:36 | Build | Farm |
| 24:36 | Build | Farm |
| 24:36 | Build | Farm |
Build order — [R1] Duke PEÑAROL Thompson
First 150 of 350 actions detected
| 0:00 | Create | Villager (Male) |
| 0:01 | Create | Villager (Male) |
| 0:01 | Create | Villager (Male) |
| 0:02 | Build | House |
| 0:03 | Build | House |
| 0:07 | Create | Villager (Male) |
| 0:07 | Create | Villager (Male) |
| 0:40 | Research | Loom |
| 0:40 | Create | Villager (Male) |
| 0:40 | Create | Villager (Male) |
| 1:01 | Build | Palisade Wall |
| 1:06 | Build | Palisade Wall |
| 1:38 | Create | Villager (Male) |
| 2:28 | Build | Mule Cart |
| 2:29 | Create | Villager (Male) |
| 2:56 | Create | Villager (Male) |
| 3:20 | Build | Palisade Wall |
| 3:26 | Create | Villager (Male) |
| 3:59 | Create | Villager (Male) |
| 3:59 | Create | Villager (Male) |
| 4:03 | Create | Villager (Male) |
| 4:31 | Create | Villager (Male) |
| 4:47 | Build | House |
| 5:06 | Create | Villager (Male) |
| 5:06 | Create | Villager (Male) |
| 5:30 | Create | Villager (Male) |
| 5:30 | Create | Villager (Male) |
| 6:08 | Create | Villager (Male) |
| 6:09 | Create | Villager (Male) |
| 6:19 | Build | Palisade Wall |
| 6:20 | Create | Villager (Male) |
| 6:50 | Build | Mule Cart |
| 6:55 | Create | Villager (Male) |
| 6:55 | Create | Villager (Male) |
| 7:19 | Build | House |
| 8:02 | Create | Villager (Male) |
| 8:09 | Create | Villager (Male) |
| 8:09 | Create | Villager (Male) |
| 8:26 | Build | Mill |
| 8:29 | Create | Villager (Male) |
| 8:35 | Build | House |
| 9:26 | Build | Mule Cart |
| 9:33 | Create | Villager (Male) |
| 10:01 | Create | Villager (Male) |
| 10:23 | Create | Villager (Male) |
| 10:39 | Research | Feudal Age |
| 12:04 | Build | House |
| 12:32 | Create | Villager (Male) |
| 12:32 | Create | Villager (Male) |
| 13:04 | Build | House |
| 13:07 | Age | Feudal Age |
| 13:08 | Build | Market |
| 13:11 | Build | Blacksmith |
| 13:13 | Create | Villager (Male) |
| 13:19 | Build | Stone Wall |
| 13:20 | Build | Stone Wall |
| 13:20 | Build | Stone Wall |
| 13:21 | Build | Stone Wall |
| 13:23 | Build | Stone Wall |
| 13:26 | Create | Villager (Male) |
| 13:37 | Build | Stone Wall |
| 13:47 | Build | Stone Wall |
| 13:48 | Build | Stone Wall |
| 13:52 | Build | Stone Wall |
| 13:54 | Build | Stone Wall |
| 13:55 | Build | Stone Wall |
| 14:05 | Research | Castle Age |
| 14:26 | Build | Mule Cart |
| 14:38 | Research | Double-Bit Axe |
| 14:57 | Build | Palisade Gate |
| 14:59 | Build | Palisade Wall |
| 15:02 | Build | Palisade Wall |
| 15:15 | Build | Mule Cart |
| 15:32 | Build | Stone Wall |
| 15:52 | Create | Villager (Male) |
| 16:15 | Build | House |
| 16:16 | Build | House |
| 16:16 | Build | House |
| 16:30 | Build | Stone Wall |
| 16:30 | Build | Stone Wall |
| 16:31 | Build | Stone Wall |
| 16:45 | Age | Castle Age |
| 16:47 | Create | Villager (Male) |
| 16:50 | Build | Siege Workshop |
| 16:59 | Build | Monastery |
| 17:06 | Create | Villager (Male) |
| 17:23 | Build | Stone Wall |
| 17:25 | Build | Stone Wall |
| 17:35 | Build | Gate |
| 17:36 | Build | Stone Wall |
| 17:39 | Create | Villager (Male) |
| 17:41 | Create | Mangonel |
| 17:41 | Create | Mangonel |
| 17:45 | Create | Monk |
| 17:49 | Create | Villager (Male) |
| 18:01 | Create | Villager (Male) |
| 18:25 | Build | Town Center |
| 18:56 | Create | Villager (Male) |
| 19:02 | Create | Villager (Male) |
| 19:09 | Create | Villager (Male) |
| 19:17 | Create | Villager (Male) |
| 19:22 | Build | House |
| 19:23 | Create | Villager (Male) |
| 19:48 | Create | Villager (Male) |
| 19:58 | Build | Farm |
| 19:58 | Build | Farm |
| 19:59 | Build | Farm |
| 19:59 | Build | Farm |
| 20:05 | Build | Farm |
| 20:06 | Build | Farm |
| 20:06 | Build | Farm |
| 20:06 | Build | Farm |
| 20:06 | Build | Farm |
| 20:14 | Build | Mill |
| 20:15 | Build | Farm |
| 20:15 | Build | Farm |
| 20:15 | Build | Farm |
| 20:15 | Build | Farm |
| 20:16 | Build | Farm |
| 20:16 | Build | Farm |
| 20:16 | Build | Farm |
| 20:16 | Build | Farm |
| 20:29 | Build | Farm |
| 20:29 | Build | Farm |
| 20:29 | Build | Farm |
| 20:40 | Build | Farm |
| 20:42 | Create | Villager (Male) |
| 20:42 | Create | Villager (Male) |
| 20:42 | Create | Villager (Male) |
| 20:43 | Create | Villager (Male) |
| 20:51 | Build | Farm |
| 20:57 | Create | Monk |
| 21:06 | Build | Stone Wall |
| 21:08 | Build | Stone Wall |
| 21:11 | Build | Palisade Gate |
| 21:14 | Create | Villager (Male) |
| 21:17 | Create | Mangonel |
| 21:39 | Build | Town Center |
| 21:40 | Create | Villager (Male) |
| 21:40 | Create | Villager (Male) |
| 21:41 | Create | Villager (Male) |
| 21:49 | Build | Siege Workshop |
| 21:50 | Create | Villager (Male) |
| 22:04 | Create | Villager (Male) |
| 22:07 | Create | Mangonel |
| 22:17 | Build | Mule Cart |
| 22:25 | Create | Villager (Male) |
| 22:39 | Create | Villager (Male) |
| 22:40 | Create | Mangonel |
| 22:40 | Create | Mangonel |
Build order — Ulfaith
First 150 of 234 actions detected
| 0:01 | Create | Villager (Male) ×4 |
| 0:02 | Build | House |
| 0:03 | Build | House |
| 0:26 | Research | Loom |
| 0:26 | Create | Villager (Male) ×3 |
| 1:23 | Build | Palisade Wall |
| 2:12 | Create | Villager (Male) |
| 2:12 | Create | Villager (Male) |
| 2:42 | Create | Villager (Male) |
| 2:42 | Create | Villager (Male) |
| 3:05 | Create | Villager (Male) |
| 3:58 | Create | Villager (Male) |
| 4:46 | Create | Villager (Male) |
| 5:49 | Create | Villager (Male) |
| 6:23 | Create | Villager (Male) |
| 6:49 | Create | Villager (Male) |
| 7:23 | Create | Villager (Male) |
| 7:50 | Create | Villager (Male) |
| 8:37 | Create | Villager (Male) |
| 9:02 | Create | Villager (Male) |
| 9:21 | Create | Villager (Male) |
| 9:42 | Build | Lumber Camp |
| 9:57 | Build | House |
| 10:03 | Create | Villager (Male) |
| 10:04 | Create | Villager (Male) |
| 10:18 | Create | Villager (Male) |
| 11:03 | Create | Villager (Male) |
| 11:06 | Create | Villager (Male) |
| 11:07 | Create | Villager (Male) |
| 11:46 | Create | Villager (Male) |
| 11:47 | Create | Villager (Male) |
| 11:57 | Build | House |
| 12:25 | Build | House |
| 12:26 | Create | Villager (Male) |
| 12:26 | Create | Villager (Male) |
| 12:29 | Build | Mill |
| 13:11 | Create | Villager (Male) |
| 13:17 | Build | Palisade Wall |
| 13:21 | Build | House |
| 14:11 | Create | Villager (Male) |
| 14:29 | Build | House |
| 15:11 | Research | Feudal Age |
| 15:34 | Build | Mining Camp |
| 16:14 | Build | Outpost |
| 16:39 | Build | Farm |
| 16:40 | Build | Farm |
| 16:44 | Create | Villager (Male) |
| 16:44 | Create | Villager (Male) |
| 17:01 | Build | House |
| 17:30 | Age | Feudal Age |
| 17:32 | Build | Stone Wall |
| 17:34 | Build | Stone Wall |
| 17:35 | Build | Stone Wall |
| 17:36 | Build | Stone Wall |
| 17:37 | Build | Stone Wall |
| 17:43 | Build | Farm |
| 17:44 | Build | Farm |
| 17:47 | Build | Farm |
| 17:49 | Build | Farm |
| 17:58 | Build | Market |
| 18:29 | Build | Blacksmith |
| 18:31 | Create | Villager (Male) |
| 19:08 | Build | Watch Tower |
| 19:10 | Research | Castle Age |
| 19:15 | Research | Double-Bit Axe |
| 19:22 | Build | Farm |
| 20:43 | Create | Villager (Male) |
| 20:50 | Build | Stone Wall |
| 20:52 | Build | Gate |
| 21:50 | Age | Castle Age |
| 22:00 | Build | Town Center |
| 22:34 | Build | Farm |
| 22:35 | Build | Farm |
| 22:37 | Build | Farm |
| 22:41 | Create | Villager (Male) |
| 23:02 | Create | Villager (Male) |
| 23:03 | Create | Villager (Male) |
| 23:03 | Create | Villager (Male) |
| 23:05 | Build | Farm |
| 23:27 | Build | Farm |
| 23:44 | Build | House |
| 23:44 | Build | House |
| 23:45 | Build | House |
| 24:08 | Research | Wheelbarrow |
| 24:21 | Create | Villager (Male) |
| 24:44 | Build | House |
| 24:58 | Create | Villager (Male) |
| 25:14 | Build | Farm |
| 25:15 | Build | Farm |
| 25:16 | Build | Farm |
| 25:17 | Build | Farm |
| 25:18 | Build | Farm |
| 25:26 | Build | House |
| 25:27 | Build | House |
| 25:27 | Build | House |
| 25:32 | Create | Villager (Male) |
| 25:32 | Create | Villager (Male) |
| 26:29 | Build | Town Center |
| 26:30 | Create | Villager (Male) |
| 26:31 | Create | Villager (Male) |
| 27:16 | Create | Villager (Male) |
| 27:19 | Build | House |
| 27:21 | Build | House |
| 27:22 | Build | House |
| 27:26 | Build | Farm |
| 27:26 | Build | Farm |
| 27:39 | Build | Farm |
| 27:47 | Create | Villager (Male) |
| 28:10 | Build | Farm |
| 28:16 | Create | Villager (Male) |
| 28:23 | Create | Villager (Male) |
| 28:23 | Create | Villager (Male) |
| 28:26 | Build | Farm |
| 28:32 | Build | Farm |
| 28:36 | Create | Villager (Male) |
| 28:36 | Create | Villager (Male) |
| 29:07 | Build | Monastery |
| 29:08 | Create | Villager (Male) |
| 29:09 | Create | Villager (Male) |
| 29:21 | Create | Villager (Male) |
| 29:21 | Create | Villager (Male) |
| 29:26 | Build | Farm |
| 29:26 | Build | Farm |
| 29:39 | Create | Monk |
| 29:42 | Build | House |
| 29:44 | Build | House |
| 29:45 | Build | House |
| 29:46 | Build | House |
| 30:03 | Create | Villager (Male) |
| 30:03 | Create | Villager (Male) |
| 30:20 | Build | Lumber Camp |
| 30:31 | Create | Villager (Male) |
| 30:31 | Create | Villager (Male) |
| 30:33 | Build | Farm |
| 30:34 | Build | Farm |
| 30:36 | Create | Monk |
| 30:50 | Create | Villager (Male) |
| 30:56 | Build | Farm |
| 31:00 | Create | Villager (Male) |
| 31:17 | Create | Villager (Male) |
| 31:17 | Create | Villager (Male) |
| 31:20 | Build | University |
| 31:26 | Build | House |
| 31:27 | Build | House |
| 31:28 | Build | House |
| 31:41 | Create | Villager (Male) |
| 31:41 | Create | Villager (Male) |
| 31:46 | Build | Farm |
| 32:04 | Create | Villager (Male) |
| 32:23 | Build | Stone Wall |
Build order — Oni.TaToH
First 150 of 441 actions detected
| 0:02 | Create | Villager (Male) |
| 0:03 | Create | Villager (Male) |
| 0:03 | Create | Villager (Male) |
| 0:03 | Create | Villager (Male) |
| 0:07 | Build | House |
| 0:10 | Build | House |
| 0:46 | Research | Loom |
| 1:45 | Create | Villager (Male) ×2 |
| 2:09 | Build | House |
| 2:11 | Build | House |
| 2:46 | Create | Villager (Male) |
| 3:09 | Create | Villager (Male) |
| 3:41 | Create | Villager (Male) |
| 4:08 | Create | Villager (Male) |
| 4:44 | Create | Villager (Male) |
| 5:21 | Create | Villager (Male) |
| 5:43 | Create | Villager (Male) |
| 6:24 | Create | Villager (Male) |
| 6:40 | Create | Villager (Male) |
| 6:40 | Create | Villager (Male) |
| 6:50 | Build | House |
| 7:14 | Create | Villager (Male) |
| 7:43 | Create | Villager (Male) |
| 7:49 | Create | Villager (Male) |
| 8:24 | Create | Villager (Male) |
| 8:25 | Create | Villager (Male) |
| 8:33 | Build | Mill |
| 8:41 | Create | Villager (Male) |
| 8:43 | Build | House |
| 8:59 | Build | House |
| 9:14 | Create | Villager (Male) |
| 9:42 | Create | Villager (Male) |
| 9:54 | Create | Villager (Male) |
| 10:08 | Build | Lumber Camp |
| 10:09 | Create | Villager (Male) |
| 10:10 | Create | Villager (Male) |
| 10:41 | Create | Villager (Male) |
| 10:44 | Create | Villager (Male) |
| 10:58 | Build | Palisade Wall |
| 11:44 | Create | Villager (Male) |
| 11:58 | Create | Villager (Male) |
| 12:10 | Build | Palisade Wall |
| 12:11 | Build | Palisade Wall |
| 12:13 | Build | Palisade Wall |
| 12:20 | Create | Villager (Male) |
| 12:48 | Build | Farm |
| 12:48 | Build | Farm |
| 12:52 | Build | Palisade Wall |
| 12:54 | Research | Feudal Age |
| 12:56 | Build | Mining Camp |
| 13:41 | Build | Outpost |
| 13:53 | Build | House |
| 13:53 | Build | House |
| 14:02 | Build | Lumber Camp |
| 15:06 | Create | Villager (Male) |
| 15:17 | Create | Villager (Male) |
| 15:18 | Age | Feudal Age |
| 15:23 | Build | Market |
| 15:34 | Build | Blacksmith |
| 15:47 | Build | Stone Wall |
| 15:48 | Build | Stone Wall |
| 15:48 | Build | Stone Wall |
| 15:50 | Build | Stone Wall |
| 15:54 | Build | Stone Wall |
| 15:54 | Build | Stone Wall |
| 15:58 | Build | Stone Wall |
| 15:58 | Build | Stone Wall |
| 15:59 | Build | Stone Wall |
| 16:22 | Research | Castle Age |
| 16:36 | Research | Double-Bit Axe |
| 16:36 | Research | Double-Bit Axe |
| 17:01 | Research | Horse Collar |
| 17:17 | Build | Farm |
| 17:21 | Build | Farm |
| 17:25 | Build | Farm |
| 17:25 | Build | Farm |
| 17:28 | Build | Farm |
| 18:10 | Build | Gate |
| 18:45 | Create | Villager (Male) |
| 19:02 | Age | Castle Age |
| 19:05 | Create | Villager (Male) |
| 19:06 | Research | Bow Saw |
| 19:12 | Build | Town Center |
| 19:19 | Create | Villager (Male) |
| 19:21 | Build | Town Center |
| 20:02 | Create | Villager (Male) |
| 20:05 | Build | Farm |
| 20:06 | Build | Farm |
| 20:20 | Create | Villager (Male) |
| 20:21 | Build | Farm |
| 20:23 | Build | Farm |
| 20:23 | Create | Villager (Male) |
| 20:26 | Build | Farm |
| 20:35 | Create | Villager (Male) |
| 20:41 | Build | Farm |
| 20:43 | Build | Farm |
| 20:44 | Create | Villager (Male) |
| 20:52 | Create | Villager (Male) |
| 20:54 | Create | Villager (Male) |
| 20:58 | Build | Farm |
| 20:59 | Build | Farm |
| 21:01 | Create | Villager (Male) |
| 21:18 | Create | Villager (Male) |
| 21:27 | Create | Villager (Male) |
| 21:31 | Build | Town Center |
| 21:32 | Create | Villager (Male) |
| 21:43 | Create | Villager (Male) |
| 21:47 | Build | Farm |
| 21:48 | Build | Farm |
| 21:50 | Create | Villager (Male) |
| 21:58 | Build | Farm |
| 21:59 | Create | Villager (Male) |
| 22:05 | Build | Farm |
| 22:06 | Build | Farm |
| 22:09 | Build | Farm |
| 22:09 | Create | Villager (Male) |
| 22:14 | Create | Villager (Male) |
| 22:23 | Build | House |
| 22:23 | Build | House |
| 22:24 | Build | House |
| 22:25 | Create | Villager (Male) |
| 22:30 | Build | Farm |
| 22:32 | Build | Farm |
| 22:37 | Create | Villager (Male) |
| 22:40 | Build | Farm |
| 22:41 | Build | Farm |
| 22:44 | Create | Villager (Male) |
| 22:47 | Create | Villager (Male) |
| 22:52 | Create | Villager (Male) |
| 22:58 | Create | Villager (Male) |
| 22:59 | Create | Villager (Male) |
| 23:01 | Build | Farm |
| 23:03 | Build | Farm |
| 23:06 | Build | House |
| 23:10 | Create | Villager (Male) |
| 23:12 | Build | House |
| 23:14 | Build | House |
| 23:14 | Build | House |
| 23:15 | Create | Villager (Male) |
| 23:22 | Build | Monastery |
| 23:22 | Create | Villager (Male) |
| 23:27 | Create | Villager (Male) |
| 23:32 | Build | Farm |
| 23:33 | Create | Villager (Male) |
| 23:37 | Create | Villager (Male) |
| 23:40 | Build | Farm |
| 23:40 | Build | Farm |
| 23:41 | Create | Villager (Male) |
| 23:43 | Build | Farm |
| 23:46 | Build | Farm |
Build order — theMole
First 150 of 335 actions detected
| 0:01 | Create | Villager (Male) |
| 0:01 | Create | Villager (Male) |
| 0:01 | Create | Villager (Male) |
| 0:02 | Build | House |
| 0:03 | Build | House |
| 0:03 | Create | Villager (Male) |
| 1:18 | Create | Villager (Male) |
| 1:45 | Build | Lumber Camp |
| 1:48 | Create | Villager (Male) |
| 2:21 | Create | Villager (Male) |
| 2:49 | Create | Villager (Male) |
| 3:05 | Create | Villager (Male) |
| 3:31 | Create | Villager (Male) |
| 3:51 | Build | House |
| 3:52 | Create | Villager (Male) |
| 4:14 | Build | Mill |
| 4:16 | Build | House |
| 4:24 | Create | Villager (Male) |
| 4:47 | Create | Villager (Male) |
| 4:50 | Create | Villager (Male) |
| 5:43 | Create | Villager (Male) |
| 5:49 | Create | Villager (Male) |
| 5:59 | Create | Villager (Male) |
| 6:08 | Create | Villager (Male) |
| 6:11 | Create | Villager (Male) |
| 6:26 | Create | Villager (Male) |
| 6:44 | Build | House |
| 7:26 | Create | Villager (Male) |
| 7:49 | Create | Villager (Male) |
| 8:00 | Build | Mining Camp |
| 8:23 | Create | Villager (Male) |
| 8:49 | Build | Mining Camp |
| 9:12 | Research | Feudal Age |
| 9:20 | Create | Villager (Male) |
| 9:20 | Create | Villager (Male) |
| 11:22 | Age | Feudal Age |
| 11:24 | Build | Market |
| 11:25 | Build | Blacksmith |
| 12:09 | Research | Castle Age |
| 12:37 | Build | Farm |
| 12:38 | Build | Farm |
| 12:39 | Research | Horse Collar |
| 12:40 | Research | Double-Bit Axe |
| 13:45 | Research | Loom |
| 13:52 | Create | Villager (Male) |
| 14:27 | Research | Fletching |
| 14:52 | Age | Castle Age |
| 14:58 | Build | Castle |
| 15:01 | Research | Bow Saw |
| 15:37 | Build | Lumber Camp |
| 15:40 | Create | Villager (Male) |
| 15:45 | Build | Farm |
| 15:47 | Build | Farm |
| 16:05 | Create | Villager (Male) |
| 16:27 | Create | Camel Archer |
| 16:30 | Create | Villager (Male) |
| 16:53 | Create | Villager (Male) |
| 17:03 | Research | Bodkin Arrow |
| 17:21 | Build | Farm |
| 17:22 | Build | Farm |
| 17:29 | Create | Villager (Male) |
| 17:50 | Create | Villager (Male) |
| 17:52 | Create | Camel Archer |
| 17:52 | Create | Camel Archer |
| 18:10 | Create | Villager (Male) |
| 18:14 | Build | Siege Workshop |
| 18:18 | Create | Camel Archer |
| 18:20 | Create | Villager (Male) |
| 18:22 | Build | Farm |
| 18:23 | Build | Farm |
| 18:44 | Create | Camel Archer |
| 18:54 | Create | Mangonel |
| 18:57 | Create | Battering Ram |
| 18:58 | Create | Battering Ram |
| 18:58 | Create | Villager (Male) |
| 19:00 | Create | Petard |
| 19:13 | Build | Farm |
| 19:18 | Create | Petard |
| 19:19 | Create | Villager (Male) |
| 19:31 | Build | House |
| 19:32 | Build | House |
| 19:33 | Build | House |
| 19:34 | Build | House |
| 19:43 | Create | Battering Ram |
| 19:43 | Create | Villager (Male) |
| 19:53 | Create | Camel Archer |
| 20:05 | Create | Villager (Male) |
| 20:06 | Build | Farm |
| 20:09 | Build | Farm |
| 20:12 | Build | Farm |
| 20:14 | Build | Farm |
| 20:16 | Create | Camel Archer |
| 20:33 | Build | Farm |
| 20:43 | Create | Villager (Male) |
| 20:48 | Build | Town Center |
| 21:21 | Create | Villager (Male) |
| 21:29 | Create | Villager (Male) |
| 21:30 | Create | Camel Archer |
| 21:32 | Build | Farm |
| 21:33 | Create | Camel Archer |
| 21:37 | Build | House |
| 21:37 | Build | House |
| 21:39 | Research | Wheelbarrow |
| 21:52 | Create | Villager (Male) |
| 21:56 | Build | Farm |
| 22:09 | Create | Villager (Male) |
| 22:28 | Create | Villager (Male) |
| 22:28 | Create | Camel Archer |
| 22:29 | Create | Villager (Male) |
| 22:39 | Create | Camel Archer |
| 22:39 | Create | Villager (Male) |
| 22:41 | Build | House |
| 22:42 | Build | House |
| 22:42 | Create | Villager (Male) |
| 22:57 | Create | Mangonel |
| 23:08 | Create | Villager (Male) |
| 23:10 | Create | Villager (Male) |
| 23:19 | Create | Villager (Male) |
| 23:25 | Create | Camel Archer |
| 23:34 | Create | Villager (Male) |
| 23:47 | Create | Villager (Male) |
| 23:55 | Create | Camel Archer |
| 23:56 | Create | Villager (Male) |
| 24:01 | Build | Farm |
| 24:07 | Create | Villager (Male) |
| 24:07 | Create | Villager (Male) |
| 24:26 | Create | Villager (Male) |
| 24:29 | Create | Camel Archer |
| 24:31 | Create | Villager (Male) |
| 24:57 | Build | Farm |
| 24:57 | Build | Farm |
| 25:00 | Build | Town Center |
| 25:01 | Create | Camel Archer |
| 25:10 | Create | Villager (Male) |
| 25:13 | Build | House |
| 25:13 | Create | Camel Archer |
| 25:27 | Build | Farm |
| 25:35 | Create | Villager (Male) |
| 25:38 | Research | Hand Cart |
| 25:43 | Research | Hand Cart |
| 25:46 | Build | Farm |
| 25:48 | Create | Camel Archer |
| 25:52 | Create | Villager (Male) |
| 25:56 | Create | Mangonel |
| 25:57 | Create | Villager (Male) |
| 25:58 | Create | Camel Archer |
| 26:30 | Create | Camel Archer |
| 26:35 | Create | Camel Archer |
| 26:41 | Create | Villager (Male) |
| 26:46 | Create | Villager (Male) |
Build order — Tusky
First 150 of 347 actions detected
| 0:01 | Create | Villager (Male) |
| 0:01 | Create | Villager (Male) |
| 0:01 | Create | Villager (Male) |
| 0:02 | Build | House |
| 0:04 | Build | House |
| 0:16 | Create | Villager (Male) |
| 1:17 | Create | Villager (Male) |
| 2:07 | Create | Villager (Male) |
| 2:34 | Create | Villager (Male) |
| 2:51 | Build | Lumber Camp |
| 2:52 | Create | Villager (Male) |
| 3:05 | Create | Villager (Male) |
| 3:23 | Create | Villager (Male) |
| 3:43 | Create | Villager (Male) |
| 4:02 | Research | Loom |
| 4:20 | Build | House |
| 4:34 | Create | Villager (Male) |
| 4:34 | Create | Villager (Male) |
| 4:54 | Build | House |
| 5:01 | Build | Palisade Wall |
| 5:14 | Create | Villager (Male) |
| 5:33 | Create | Villager (Male) |
| 6:21 | Create | Villager (Male) |
| 6:26 | Create | Villager (Male) |
| 6:45 | Build | Mill |
| 6:49 | Create | Villager (Male) |
| 7:25 | Create | Villager (Male) |
| 8:05 | Research | Feudal Age |
| 8:40 | Build | Barracks |
| 9:06 | Build | Palisade Wall |
| 9:18 | Build | Palisade Wall |
| 9:39 | Build | House |
| 10:15 | Age | Feudal Age |
| 10:17 | Build | Stable |
| 10:17 | Create | Villager (Male) |
| 10:18 | Create | Villager (Male) |
| 10:33 | Create | Villager (Male) |
| 10:53 | Create | Villager (Male) |
| 11:16 | Create | Scout Cavalry |
| 11:16 | Create | Scout Cavalry |
| 11:22 | Build | House |
| 11:53 | Build | House |
| 11:56 | Create | Scout Cavalry |
| 12:25 | Create | Scout Cavalry |
| 12:25 | Create | Villager (Male) |
| 12:29 | Build | Mining Camp |
| 12:32 | Research | Horse Collar |
| 12:35 | Research | Double-Bit Axe |
| 12:37 | Build | Farm |
| 12:37 | Build | Farm |
| 12:37 | Build | Farm |
| 12:37 | Build | Farm |
| 12:38 | Build | Farm |
| 12:56 | Build | House |
| 13:18 | Create | Villager (Male) |
| 13:18 | Create | Villager (Male) |
| 13:22 | Build | Farm |
| 13:22 | Build | Farm |
| 13:22 | Build | Farm |
| 13:37 | Create | Villager (Male) |
| 13:56 | Create | Villager (Male) |
| 13:58 | Build | Farm |
| 14:01 | Build | Palisade Wall |
| 14:02 | Create | Villager (Male) |
| 14:06 | Build | Farm |
| 14:07 | Create | Villager (Male) |
| 14:09 | Build | Farm |
| 14:22 | Create | Scout Cavalry |
| 14:46 | Create | Scout Cavalry |
| 14:47 | Create | Villager (Male) |
| 14:49 | Build | Farm |
| 14:49 | Build | Farm |
| 14:59 | Build | Palisade Gate |
| 15:12 | Create | Scout Cavalry |
| 15:25 | Create | Scout Cavalry |
| 15:27 | Create | Villager (Male) |
| 15:30 | Build | Farm |
| 15:32 | Create | Villager (Male) |
| 15:50 | Build | Farm |
| 15:59 | Build | Palisade Wall |
| 15:59 | Create | Scout Cavalry |
| 16:06 | Create | Scout Cavalry |
| 16:20 | Build | Market |
| 16:24 | Create | Scout Cavalry |
| 16:34 | Create | Villager (Male) |
| 16:37 | Build | Blacksmith |
| 17:06 | Create | Villager (Male) |
| 17:11 | Research | Wheelbarrow |
| 17:38 | Build | Farm |
| 17:39 | Build | Farm |
| 17:50 | Build | Farm |
| 18:25 | Build | House |
| 18:28 | Research | Castle Age |
| 18:38 | Research | Fletching |
| 18:55 | Create | Villager (Male) |
| 19:26 | Build | Stone Wall |
| 20:12 | Build | Stable |
| 20:20 | Research | Scale Barding Armor |
| 20:43 | Create | Villager (Male) |
| 20:52 | Research | Bloodlines |
| 20:52 | Create | Scout Cavalry |
| 20:53 | Create | Scout Cavalry |
| 20:56 | Build | Farm |
| 20:57 | Build | Farm |
| 20:57 | Build | Farm |
| 21:08 | Age | Castle Age |
| 21:16 | Research | Light Cavalry (upgrade) |
| 21:17 | Create | Scout Cavalry |
| 21:17 | Create | Scout Cavalry |
| 21:22 | Build | Siege Workshop |
| 21:33 | Create | Villager (Male) |
| 21:39 | Build | Lumber Camp |
| 21:43 | Create | Scout Cavalry |
| 21:48 | Create | Scout Cavalry |
| 21:49 | Create | Villager (Male) |
| 22:09 | Create | Mangonel |
| 22:14 | Create | Villager (Male) |
| 22:26 | Create | Scout Cavalry |
| 22:26 | Create | Scout Cavalry |
| 22:58 | Build | House |
| 22:59 | Build | House |
| 23:04 | Research | Chain Barding Armor |
| 23:26 | Create | Mangonel |
| 23:30 | Build | House |
| 23:31 | Build | House |
| 24:11 | Create | Villager (Male) |
| 24:17 | Create | Villager (Male) |
| 24:20 | Build | House |
| 24:28 | Build | Town Center |
| 24:36 | Create | Scout Cavalry |
| 24:37 | Create | Scout Cavalry |
| 24:49 | Create | Villager (Male) |
| 24:52 | Build | House |
| 24:53 | Create | Scout Cavalry |
| 24:56 | Create | Scorpion |
| 25:05 | Create | Villager (Male) |
| 25:08 | Create | Villager (Male) |
| 25:10 | Build | House |
| 25:41 | Create | Scorpion |
| 25:41 | Create | Scorpion |
| 25:43 | Create | Villager (Male) |
| 25:45 | Create | Villager (Male) |
| 25:48 | Build | Farm |
| 25:48 | Build | Farm |
| 25:48 | Build | Farm |
| 25:48 | Build | Farm |
| 25:51 | Research | Man-at-Arms (upgrade) |
| 25:59 | Create | Villager (Male) |
| 26:01 | Build | House |
| 26:01 | Create | Villager (Male) |
Build order — Moneimon
First 150 of 455 actions detected
| 0:00 | Create | Villager (Male) |
| 0:00 | Create | Villager (Male) |
| 0:01 | Create | Villager (Male) |
| 0:02 | Build | House |
| 0:03 | Build | House |
| 0:06 | Create | Villager (Male) |
| 1:11 | Create | Villager (Male) |
| 1:37 | Create | Villager (Male) |
| 1:44 | Build | Lumber Camp |
| 2:03 | Create | Villager (Male) |
| 2:32 | Create | Villager (Male) |
| 2:50 | Build | House |
| 3:13 | Create | Villager (Male) |
| 3:19 | Create | Villager (Male) |
| 3:19 | Create | Villager (Male) |
| 3:36 | Build | House |
| 4:17 | Create | Villager (Male) |
| 4:17 | Create | Villager (Male) |
| 4:29 | Build | House |
| 4:36 | Create | Villager (Male) |
| 4:56 | Build | Mill |
| 5:14 | Create | Villager (Male) |
| 5:42 | Create | Villager (Male) |
| 5:52 | Create | Villager (Male) |
| 6:14 | Build | Palisade Wall |
| 6:18 | Create | Villager (Male) |
| 6:22 | Build | Palisade Wall |
| 6:26 | Build | Palisade Wall |
| 6:30 | Build | Palisade Wall |
| 6:49 | Create | Villager (Male) |
| 7:56 | Create | Villager (Male) |
| 8:17 | Create | Villager (Male) |
| 8:25 | Build | Mining Camp |
| 8:39 | Research | Feudal Age |
| 10:51 | Create | Villager (Male) |
| 10:56 | Age | Feudal Age |
| 10:58 | Create | Villager (Male) |
| 10:59 | Build | Market |
| 11:00 | Build | Blacksmith |
| 11:49 | Research | Castle Age |
| 11:49 | Research | Castle Age |
| 11:54 | Research | Double-Bit Axe |
| 11:55 | Research | Horse Collar |
| 12:22 | Build | Farm |
| 12:24 | Build | House |
| 14:12 | Create | Villager (Male) |
| 14:23 | Create | Villager (Male) |
| 14:29 | Age | Castle Age |
| 14:31 | Build | Town Center |
| 14:31 | Create | Villager (Male) |
| 14:37 | Build | Town Center |
| 14:40 | Research | Bow Saw |
| 14:41 | Research | Heavy Plow |
| 14:42 | Create | Villager (Male) |
| 14:52 | Create | Villager (Male) |
| 15:00 | Create | Villager (Male) |
| 15:14 | Create | Villager (Male) |
| 15:49 | Build | Town Center |
| 15:54 | Create | Villager (Male) |
| 16:05 | Create | Villager (Male) |
| 16:06 | Build | Farm |
| 16:10 | Create | Villager (Male) |
| 16:11 | Build | Farm |
| 16:15 | Create | Villager (Male) |
| 16:29 | Build | Palisade Wall |
| 16:30 | Build | Palisade Wall |
| 16:35 | Build | House |
| 16:37 | Create | Villager (Male) |
| 16:40 | Build | Farm |
| 16:41 | Build | Farm |
| 16:42 | Create | Villager (Male) |
| 16:44 | Build | House |
| 16:46 | Build | Palisade Wall |
| 16:48 | Create | Villager (Male) |
| 16:55 | Create | Villager (Male) |
| 16:58 | Create | Villager (Male) |
| 17:01 | Build | Farm |
| 17:02 | Research | Loom |
| 17:03 | Create | Villager (Male) |
| 17:08 | Create | Villager (Male) |
| 17:17 | Build | Farm |
| 17:32 | Build | Farm |
| 17:33 | Build | Farm |
| 17:37 | Build | Farm |
| 17:41 | Build | Farm |
| 17:43 | Create | Villager (Male) |
| 17:48 | Build | Farm |
| 17:50 | Build | Farm |
| 17:53 | Create | Villager (Male) |
| 17:55 | Build | Farm |
| 18:03 | Build | Farm |
| 18:06 | Build | Farm |
| 18:13 | Create | Villager (Male) |
| 18:17 | Build | Farm |
| 18:20 | Build | Farm |
| 18:22 | Build | Farm |
| 18:25 | Create | Villager (Male) |
| 18:25 | Create | Villager (Male) |
| 18:33 | Build | Farm |
| 18:37 | Create | Villager (Male) |
| 18:41 | Create | Villager (Male) |
| 18:45 | Build | Farm |
| 18:51 | Create | Villager (Male) |
| 18:55 | Build | Farm |
| 18:56 | Build | House |
| 18:59 | Build | Farm |
| 19:03 | Build | House |
| 19:03 | Create | Villager (Male) |
| 19:04 | Create | Villager (Male) |
| 19:04 | Create | Villager (Male) |
| 19:07 | Create | Villager (Male) |
| 19:19 | Create | Villager (Male) |
| 19:22 | Create | Villager (Male) |
| 19:23 | Create | Villager (Male) |
| 19:23 | Create | Villager (Male) |
| 19:30 | Build | Monastery |
| 19:32 | Create | Villager (Male) |
| 19:40 | Create | Villager (Male) |
| 19:42 | Build | Farm |
| 19:43 | Build | House |
| 19:44 | Create | Villager (Male) |
| 19:50 | Build | Farm |
| 19:53 | Build | House |
| 19:54 | Create | Villager (Male) |
| 19:59 | Create | Villager (Male) |
| 20:01 | Build | Farm |
| 20:02 | Create | Villager (Male) |
| 20:06 | Build | Farm |
| 20:12 | Build | House |
| 20:14 | Create | Villager (Male) |
| 20:16 | Create | Monk |
| 20:22 | Create | Villager (Male) |
| 20:26 | Create | Villager (Male) |
| 20:37 | Create | Villager (Male) |
| 20:39 | Create | Villager (Male) |
| 20:42 | Create | Villager (Male) |
| 20:50 | Create | Villager (Male) |
| 20:56 | Build | Palisade Gate |
| 21:02 | Create | Villager (Male) |
| 21:07 | Create | Villager (Male) |
| 21:09 | Create | Villager (Male) |
| 21:11 | Create | Villager (Male) |
| 21:13 | Build | Farm |
| 21:14 | Build | Farm |
| 21:15 | Build | Farm |
| 21:16 | Build | Farm |
| 21:17 | Create | Villager (Male) |
| 21:20 | Build | Farm |
| 21:21 | Build | Farm |
| 21:23 | Build | Farm |
Build order — YoungPanda
First 150 of 419 actions detected
| 0:00 | Create | Villager (Male) |
| 0:01 | Create | Villager (Male) |
| 0:03 | Build | House |
| 0:05 | Build | House |
| 0:11 | Create | Villager (Male) |
| 0:11 | Create | Villager (Male) |
| 0:24 | Research | Loom |
| 0:27 | Create | Villager (Male) |
| 0:54 | Create | Villager (Male) |
| 1:36 | Create | Villager (Male) |
| 2:09 | Build | Palisade Wall |
| 2:20 | Build | Palisade Wall |
| 2:25 | Build | Palisade Wall |
| 2:42 | Create | Villager (Male) |
| 2:42 | Create | Villager (Male) |
| 3:27 | Create | Villager (Male) |
| 3:30 | Create | Villager (Male) |
| 4:02 | Create | Villager (Male) |
| 4:04 | Create | Villager (Male) |
| 4:57 | Build | Settlement |
| 5:02 | Create | Villager (Male) |
| 5:33 | Create | Villager (Male) |
| 5:33 | Create | Villager (Male) |
| 6:12 | Create | Villager (Male) |
| 6:37 | Create | Villager (Male) |
| 6:59 | Build | Palisade Wall |
| 6:59 | Create | Villager (Male) |
| 7:23 | Build | House |
| 7:46 | Build | Settlement |
| 8:10 | Create | Villager (Male) |
| 8:25 | Create | Villager (Male) |
| 8:25 | Create | Villager (Male) |
| 8:44 | Build | Settlement |
| 8:47 | Create | Villager (Male) |
| 9:15 | Create | Villager (Male) |
| 9:43 | Create | Villager (Male) |
| 10:10 | Create | Villager (Male) |
| 10:30 | Create | Villager (Male) |
| 11:07 | Create | Villager (Male) |
| 11:31 | Build | Settlement |
| 11:36 | Research | Feudal Age |
| 12:46 | Create | Villager (Male) |
| 12:47 | Create | Villager (Male) |
| 14:06 | Age | Feudal Age |
| 14:08 | Build | Market |
| 14:11 | Build | Blacksmith |
| 14:19 | Research | Double-Bit Axe |
| 14:24 | Research | Horse Collar |
| 14:47 | Build | Farm |
| 14:48 | Build | Farm |
| 14:49 | Build | Farm |
| 14:50 | Build | Farm |
| 14:52 | Build | Farm |
| 14:56 | Research | Castle Age |
| 15:11 | Build | Farm |
| 15:36 | Build | Farm |
| 15:39 | Build | Farm |
| 15:42 | Create | Villager (Male) |
| 17:36 | Age | Castle Age |
| 17:38 | Create | Villager (Male) |
| 17:41 | Build | Town Center |
| 17:45 | Build | Town Center |
| 17:46 | Research | Heavy Plow |
| 17:47 | Research | Bow Saw |
| 17:52 | Research | Bow Saw |
| 17:53 | Create | Villager (Male) |
| 17:58 | Build | Farm |
| 17:59 | Build | Farm |
| 18:00 | Build | Farm |
| 18:02 | Create | Villager (Male) |
| 18:35 | Build | Farm |
| 18:42 | Build | Farm |
| 18:43 | Create | Villager (Male) |
| 18:49 | Build | Farm |
| 18:50 | Create | Villager (Male) |
| 18:56 | Create | Villager (Male) |
| 19:11 | Create | Villager (Male) |
| 19:12 | Create | Villager (Male) |
| 19:14 | Create | Villager (Male) |
| 19:21 | Create | Villager (Male) |
| 19:21 | Create | Villager (Male) |
| 19:24 | Create | Villager (Male) |
| 19:27 | Create | Villager (Male) |
| 19:37 | Create | Villager (Male) |
| 19:44 | Create | Villager (Male) |
| 19:53 | Create | Villager (Male) |
| 19:56 | Build | Farm |
| 19:59 | Build | Farm |
| 20:00 | Build | Farm |
| 20:05 | Research | Wheelbarrow |
| 20:05 | Research | Wheelbarrow |
| 20:05 | Create | Villager (Male) |
| 20:24 | Create | Villager (Male) |
| 20:35 | Create | Villager (Male) |
| 20:45 | Build | Monastery |
| 20:48 | Create | Villager (Male) |
| 20:55 | Build | Farm |
| 20:56 | Build | Farm |
| 20:57 | Build | Farm |
| 21:00 | Build | Farm |
| 21:03 | Create | Villager (Male) |
| 21:07 | Build | House |
| 21:08 | Build | House |
| 21:10 | Build | House |
| 21:11 | Build | House |
| 21:13 | Build | House |
| 21:15 | Build | House |
| 21:15 | Build | House |
| 21:16 | Create | Villager (Male) |
| 21:26 | Create | Monk |
| 21:30 | Create | Villager (Male) |
| 21:46 | Create | Villager (Male) |
| 21:48 | Build | Farm |
| 21:50 | Build | Farm |
| 21:51 | Create | Villager (Male) |
| 21:51 | Create | Villager (Male) |
| 21:55 | Build | Settlement |
| 21:58 | Create | Villager (Male) |
| 22:10 | Create | Villager (Male) |
| 22:17 | Create | Villager (Male) |
| 22:23 | Build | University |
| 22:25 | Create | Villager (Male) |
| 22:33 | Create | Monk |
| 22:36 | Create | Villager (Male) |
| 22:41 | Create | Villager (Male) |
| 22:56 | Create | Villager (Male) |
| 23:05 | Create | Villager (Male) |
| 23:05 | Create | Villager (Male) |
| 23:05 | Create | Villager (Male) |
| 23:09 | Research | Hand Cart |
| 23:09 | Create | Villager (Male) |
| 23:30 | Create | Villager (Male) |
| 23:47 | Build | Barracks |
| 23:52 | Build | Barracks |
| 23:56 | Create | Villager (Male) |
| 24:06 | Create | Villager (Male) |
| 24:19 | Create | Villager (Male) |
| 24:20 | Create | Villager (Male) |
| 24:21 | Create | Villager (Male) |
| 24:35 | Build | House |
| 24:36 | Build | House |
| 24:42 | Build | Market |
| 24:45 | Create | Villager (Male) |
| 25:04 | Create | Villager (Male) |
| 25:04 | Create | Villager (Male) |
| 25:14 | Build | Barracks |
| 25:17 | Build | Barracks |
| 25:20 | Create | Villager (Male) |
| 25:43 | Build | Barracks |
| 25:51 | Research | Imperial Age |
Match timeline
| 1:01 | [R1] Duke PEÑAROL Thompson · wall_segment Palisade Wall x5 |
| 1:06 | [R1] Duke PEÑAROL Thompson · wall_segment Palisade Wall x5 |
| 1:23 | Ulfaith · wall_segment Palisade Wall x12 |
| 2:09 | YoungPanda · wall_segment Palisade Wall x1 |
| 2:20 | YoungPanda · wall_segment Palisade Wall x8 |
| 2:25 | YoungPanda · wall_segment Palisade Wall x4 |
| 3:20 | [R1] Duke PEÑAROL Thompson · wall_segment Palisade Wall x9 |
| 5:01 | Tusky · wall_segment Palisade Wall x11 |
| 6:14 | Moneimon · wall_segment Palisade Wall x1 |
| 6:19 | [R1] Duke PEÑAROL Thompson · wall_segment Palisade Wall x1 |
| 6:22 | Moneimon · wall_segment Palisade Wall x1 |
| 6:26 | Moneimon · wall_segment Palisade Wall x1 |
| 6:30 | Moneimon · wall_segment Palisade Wall x1 |
| 6:59 | YoungPanda · wall_segment Palisade Wall x9 |
| 8:40 | Tusky · first_building Barracks |
| 9:06 | Tusky · wall_segment Palisade Wall x1 |
| 9:18 | Tusky · wall_segment Palisade Wall x1 |
| 10:15 | Tusky · age_up feudal |
| 10:17 | Tusky · first_building Stable |
| 10:56 | Moneimon · age_up feudal |
| 10:58 | Oni.TaToH · wall_segment Palisade Wall x14 |
| 11:22 | theMole · age_up feudal |
| 12:06 | c3mbrich! · age_up feudal |
| 12:10 | Oni.TaToH · wall_segment Palisade Wall x1 |
| 12:11 | Oni.TaToH · wall_segment Palisade Wall x1 |
| 12:13 | Oni.TaToH · wall_segment Palisade Wall x1 |
| 12:42 | c3mbrich! · wall_segment Palisade Wall x1 |
| 12:43 | c3mbrich! · wall_segment Palisade Wall x1 |
| 12:46 | c3mbrich! · wall_segment Palisade Wall x1 |
| 12:47 | c3mbrich! · wall_segment Palisade Wall x1 |
| 12:52 | Oni.TaToH · wall_segment Palisade Wall x1 |
| 13:07 | [R1] Duke PEÑAROL Thompson · age_up feudal |
| 13:17 | Ulfaith · wall_segment Palisade Wall x13 |
| 13:19 | [R1] Duke PEÑAROL Thompson · wall_segment Stone Wall x4 |
| 13:20 | [R1] Duke PEÑAROL Thompson · wall_segment Stone Wall x1 |
| 13:20 | [R1] Duke PEÑAROL Thompson · wall_segment Stone Wall x1 |
| 13:21 | [R1] Duke PEÑAROL Thompson · wall_segment Stone Wall x2 |
| 13:23 | [R1] Duke PEÑAROL Thompson · wall_segment Stone Wall x1 |
| 13:35 | c3mbrich! · wall_segment Stone Wall x5 |
| 13:37 | [R1] Duke PEÑAROL Thompson · wall_segment Stone Wall x2 |
| 13:47 | [R1] Duke PEÑAROL Thompson · wall_segment Stone Wall x1 |
| 13:48 | [R1] Duke PEÑAROL Thompson · wall_segment Stone Wall x1 |
| 13:52 | [R1] Duke PEÑAROL Thompson · wall_segment Stone Wall x1 |
| 13:54 | [R1] Duke PEÑAROL Thompson · wall_segment Stone Wall x2 |
| 13:55 | [R1] Duke PEÑAROL Thompson · wall_segment Stone Wall x4 |
| 14:01 | Tusky · wall_segment Palisade Wall x1 |
| 14:04 | c3mbrich! · wall_segment Stone Wall x1 |
| 14:06 | YoungPanda · age_up feudal |
| 14:06 | c3mbrich! · wall_segment Stone Wall x1 |
| 14:08 | c3mbrich! · wall_segment Stone Wall x1 |
| 14:15 | c3mbrich! · wall_segment Stone Wall x1 |
| 14:16 | c3mbrich! · wall_segment Stone Wall x1 |
| 14:17 | c3mbrich! · wall_segment Stone Wall x1 |
| 14:19 | c3mbrich! · wall_segment Stone Wall x1 |
| 14:29 | Moneimon · age_up castle |
| 14:45 | c3mbrich! · first_building Barracks |
| 14:52 | theMole · age_up castle |
| 14:58 | theMole · first_building Castle |
| 14:59 | [R1] Duke PEÑAROL Thompson · wall_segment Palisade Wall x6 |
| 15:02 | [R1] Duke PEÑAROL Thompson · wall_segment Palisade Wall x7 |
| 15:18 | Oni.TaToH · age_up feudal |
| 15:19 | Moneimon · first_market_buy 100 stone |
| 15:32 | [R1] Duke PEÑAROL Thompson · wall_segment Stone Wall x10 |
| 15:41 | c3mbrich! · age_up castle |
| 15:47 | Oni.TaToH · wall_segment Stone Wall x1 |
| 15:48 | Oni.TaToH · wall_segment Stone Wall x1 |
| 15:48 | Oni.TaToH · wall_segment Stone Wall x1 |
| 15:50 | Oni.TaToH · wall_segment Stone Wall x1 |
| 15:52 | c3mbrich! · first_market_buy 100 wood |
| 15:54 | Oni.TaToH · wall_segment Stone Wall x1 |
| 15:54 | Oni.TaToH · wall_segment Stone Wall x1 |
| 15:55 | c3mbrich! · first_building Siege Workshop |
| 15:58 | Oni.TaToH · wall_segment Stone Wall x1 |
| 15:58 | Oni.TaToH · wall_segment Stone Wall x1 |
| 15:59 | Tusky · wall_segment Palisade Wall x1 |
| 15:59 | Oni.TaToH · wall_segment Stone Wall x9 |
| 16:29 | Moneimon · wall_segment Palisade Wall x1 |
| 16:30 | [R1] Duke PEÑAROL Thompson · wall_segment Stone Wall x1 |
| 16:30 | Moneimon · wall_segment Palisade Wall x1 |
| 16:30 | [R1] Duke PEÑAROL Thompson · wall_segment Stone Wall x1 |
| 16:31 | [R1] Duke PEÑAROL Thompson · wall_segment Stone Wall x1 |
| 16:45 | [R1] Duke PEÑAROL Thompson · age_up castle |
| 16:46 | Moneimon · wall_segment Palisade Wall x1 |
| 16:50 | [R1] Duke PEÑAROL Thompson · first_building Siege Workshop |
| 16:59 | [R1] Duke PEÑAROL Thompson · first_building Monastery |
| 17:19 | c3mbrich! · first_market_sell 100 food |
| 17:23 | [R1] Duke PEÑAROL Thompson · wall_segment Stone Wall x2 |
| 17:25 | [R1] Duke PEÑAROL Thompson · wall_segment Stone Wall x8 |
| 17:30 | Ulfaith · age_up feudal |
| 17:32 | Ulfaith · wall_segment Stone Wall x1 |
| 17:34 | Ulfaith · wall_segment Stone Wall x5 |
| 17:35 | Ulfaith · wall_segment Stone Wall x1 |
| 17:36 | [R1] Duke PEÑAROL Thompson · wall_segment Stone Wall x5 |
| 17:36 | YoungPanda · age_up castle |
| 17:36 | Ulfaith · wall_segment Stone Wall x1 |
| 17:37 | Ulfaith · wall_segment Stone Wall x8 |
| 17:52 | theMole · first_market_sell 100 wood |
| 17:53 | Tusky · first_market_buy 100 food |
| 17:55 | Tusky · first_market_sell 100 stone |
| 18:14 | theMole · first_building Siege Workshop |
| 19:02 | Oni.TaToH · age_up castle |
| 19:26 | Tusky · wall_segment Stone Wall x10 |
| 19:28 | c3mbrich! · wall_segment Stone Wall x1 |
| 19:29 | [R1] Duke PEÑAROL Thompson · first_market_buy 100 stone |
| 19:30 | Moneimon · first_building Monastery |
| 20:34 | Oni.TaToH · first_market_buy 100 food |
| 20:45 | theMole · first_market_buy 100 wood |
| 20:45 | YoungPanda · first_building Monastery |
| 20:50 | Ulfaith · wall_segment Stone Wall x7 |
| 21:06 | [R1] Duke PEÑAROL Thompson · wall_segment Stone Wall x1 |
| 21:08 | [R1] Duke PEÑAROL Thompson · wall_segment Stone Wall x1 |
| 21:08 | Tusky · age_up castle |
| 21:22 | Tusky · first_building Siege Workshop |
| 21:36 | Moneimon · first_building Barracks |
| 21:50 | Ulfaith · age_up castle |
| 21:57 | Ulfaith · first_market_buy 100 stone |
| 22:21 | Moneimon · first_building Stable |
| 23:22 | Oni.TaToH · first_building Monastery |
| 23:47 | YoungPanda · first_building Barracks |
| 24:25 | c3mbrich! · wall_segment Palisade Wall x1 |
| 24:27 | c3mbrich! · wall_segment Palisade Wall x1 |
| 24:28 | c3mbrich! · wall_segment Palisade Wall x1 |
| 24:29 | c3mbrich! · wall_segment Palisade Wall x1 |
| 24:30 | c3mbrich! · wall_segment Palisade Wall x1 |
| 24:47 | [R1] Duke PEÑAROL Thompson · first_market_sell 100 wood |
| 26:29 | YoungPanda · wall_segment Palisade Wall x1 |
| 26:42 | YoungPanda · wall_segment Palisade Wall x1 |
| 27:07 | Moneimon · first_building Castle |
| 27:18 | YoungPanda · first_building Siege Workshop |
| 27:21 | Moneimon · wall_segment Stone Wall x4 |
| 27:23 | Moneimon · wall_segment Stone Wall x8 |
| 28:01 | Oni.TaToH · first_building Barracks |
| 28:49 | theMole · first_building Barracks |
| 29:01 | YoungPanda · age_up imperial |
| 29:07 | Ulfaith · first_building Monastery |
| 29:28 | YoungPanda · first_building Castle |
| 29:36 | Oni.TaToH · first_building Stable |
| 29:46 | theMole · first_building Stable |
| 30:14 | Moneimon · first_building Archery Range |
| 30:24 | Oni.TaToH · first_building Castle |
| 30:39 | Moneimon · wall_segment Stone Wall x11 |
| 30:39 | c3mbrich! · first_building Monastery |
| 30:51 | Oni.TaToH · first_market_sell 100 food |
| 31:10 | YoungPanda · first_building Archery Range |
| 31:44 | Moneimon · age_up imperial |
| 32:20 | Tusky · first_building Monastery |
| 32:23 | Ulfaith · wall_segment Stone Wall x8 |
| 32:25 | Ulfaith · wall_segment Stone Wall x7 |
| 32:52 | Ulfaith · wall_segment Stone Wall x6 |
| 33:08 | Ulfaith · wall_segment Stone Wall x4 |
| 33:25 | Ulfaith · first_building Barracks |
| 33:35 | theMole · first_building Archery Range |
| 33:40 | theMole · age_up imperial |
| 33:41 | Oni.TaToH · first_building Siege Workshop |
| 33:41 | Oni.TaToH · age_up imperial |
| 33:52 | Tusky · wall_segment Stone Wall x4 |
| 34:28 | Tusky · wall_segment Stone Wall x3 |
| 34:33 | Moneimon · first_market_sell 500 wood |
| 34:34 | c3mbrich! · age_up imperial |
| 34:46 | Tusky · first_building Archery Range |
| 35:01 | Ulfaith · wall_segment Stone Wall x4 |
| 35:02 | Ulfaith · wall_segment Stone Wall x6 |
| 35:04 | Ulfaith · wall_segment Stone Wall x1 |
| 35:17 | Tusky · wall_segment Stone Wall x2 |
| 35:29 | Tusky · wall_segment Stone Wall x1 |
| 35:35 | Ulfaith · wall_segment Stone Wall x7 |
| 35:48 | Tusky · wall_segment Stone Wall x4 |
| 35:52 | Tusky · wall_segment Stone Wall x3 |
| 35:55 | Ulfaith · age_up imperial |
| 36:01 | Moneimon · first_building Siege Workshop |
| 36:04 | Ulfaith · first_market_sell 100 wood |
| 36:24 | Tusky · age_up imperial |
| 36:47 | Tusky · wall_segment Stone Wall x7 |
| 36:50 | Tusky · wall_segment Stone Wall x5 |
| 36:53 | Ulfaith · wall_segment Stone Wall x13 |
| 36:56 | Tusky · wall_segment Stone Wall x7 |
| 37:03 | Ulfaith · wall_segment Stone Wall x1 |
| 37:05 | Ulfaith · wall_segment Stone Wall x1 |
| 37:33 | Tusky · wall_segment Stone Wall x8 |
| 37:43 | Tusky · wall_segment Stone Wall x4 |
| 37:57 | Tusky · wall_segment Stone Wall x2 |
| 38:22 | Oni.TaToH · tribute_sent a jugador 1 |
| 38:22 | Oni.TaToH · tribute_sent a jugador 2 |
| 38:22 | Oni.TaToH · tribute_sent a jugador 4 |
| 38:22 | Oni.TaToH · tribute_sent a jugador 5 |
| 38:22 | Oni.TaToH · tribute_sent a jugador 6 |
| 38:22 | Oni.TaToH · tribute_sent a jugador 7 |
| 38:22 | Oni.TaToH · tribute_sent a jugador 8 |
| 38:23 | [R1] Duke PEÑAROL Thompson · first_building Castle |
| 38:34 | c3mbrich! · first_building Castle |
| 39:28 | YoungPanda · first_market_buy 100 stone |
| 40:27 | Moneimon · tribute_sent a jugador 1 |
| 40:27 | Moneimon · tribute_sent a jugador 2 |
| 40:27 | Moneimon · tribute_sent a jugador 3 |
| 40:27 | Moneimon · tribute_sent a jugador 4 |
| 40:27 | Moneimon · tribute_sent a jugador 5 |
| 40:27 | Moneimon · tribute_sent a jugador 6 |
| 40:27 | Moneimon · tribute_sent a jugador 8 |
| 40:47 | YoungPanda · resign |
[ AI ANALYSIS · 1 CREDIT ]
What really happened in this match?
Wolo.gg analyzes every decision: build order, eco, micro, common mistakes by bracket. Personalized analysis on WhatsApp or Discord in 30 seconds.
Civ guide
Aztecs
Perfil
Jugador #96571